Match 42550252
Unlisted

Match 42550252
End
Construct Infanterie Kompanie
MG 42 Machine Gun Team
Kettenkrad Recon Vehicle
Grenadier Squad
GrW 34 Mortar Team
GrW 34 Mortar Team
Construct Luftwaffe Kompanie
Jäger Squad
221 Scout Car
Luftwaffe Officer Quarters
Medical Bunker
Selects Breakthrough Battlegroup
Selects 2.5-tonne Cargo Truck
Selects Assault Grenadiers
Support Elements
Jäger Squad
Flak 30 Anti-aircraft Gun Team
Selects Blitzkrieg
Wirbelwind Flakpanzer
Side Skirts
Jäger Squad
Infanterie Officer Quarters
2.5-tonne Cargo Truck
Pioneer Squad
Jäger Squad
Construct Panzer Kompanie
Blitzkrieg
Jäger Squad
고문관
这场战斗并非清汤寡水
aminsedgi
舒宰
jcu
sirius232
Moltke1871
风音
0
0

Comments sign in to comment!

No comments posted yet!